Map: Ruinen von Seras

Players

GeneralNido

  • Race: Protoss Protoss
  • League: Silver

fragleader - Winner!

  • Race: Protoss Protoss
  • League: Silver

VOD

Have the link to the VOD?

Description

Time

  • Played on: Dec. 15, 2015, 3:57 p.m.
  • Length: 6:30
Show
View Real Time Build Order
Export as new Build Order

GeneralNido Protoss 

Build Orders: Oracle Opening 

Get SALT Encoding   

  12  0:01  Probe (Chrono Boost)  
  13  0:11  Probe (Chrono Boost)  
  14  0:19  Pylon  
  14  0:23  Probe (Chrono Boost)  
  15  0:38  Probe (Chrono Boost)  
  16  0:44  Gateway  
  16  0:47  Assimilator  
  17  0:50  Probe (Chrono Boost)  
  17  1:00  Probe (Chrono Boost)  
  17  1:01  Assimilator  
  18  1:14  Probe (Chrono Boost)  
  19  1:25  Probe (Chrono Boost)  
  20  1:30  Cybernetics Core  
  20  1:35  Probe (Chrono Boost)  
  21  1:46  Probe (Chrono Boost)  
  22  1:58  Nexus  
  22  2:01  Probe (Chrono Boost)  
  23  2:08  Warp Gate  
  23  2:20  Pylon  
  23  2:38  Probe (Chrono Boost), Zealot  
  23  2:42  Stargate  
  26  2:48  Probe (Chrono Boost)  
  27  2:59  Probe (Chrono Boost)  
  27  3:04  Pylon  
  28  3:06  Zealot  
  28  3:10  Probe (Chrono Boost)  
  28  3:12  Probe (Chrono Boost)  
  32  3:20  Probe (Chrono Boost)  
  32  3:23  Probe (Chrono Boost)  
  34  3:31  Probe (Chrono Boost)  
  35  3:34  Oracle  
  35  3:37  Zealot  
  39  3:43  Gateway  
  39  3:48  Gateway  
  39  3:49  Pylon  
  39  3:50  Probe (Chrono Boost)  
  39  3:53  Probe (Chrono Boost)  
  41  4:06  Zealot (Chrono Boost)  
  41  4:08  Mothership Core (Chrono Boost)  
  41  4:09  Probe (Chrono Boost)  
  46  4:19  Probe (Chrono Boost)  
  47  4:26  Probe  
  48  4:35  Gateway  
  48  4:37  Gateway  
  48  4:39  Gateway  
  40  5:16  Zealot (Chrono Boost)  
  40  5:17  Zealot (Chrono Boost)  
  40  5:18  Zealot (Chrono Boost)  
  53  5:48  Mothership Core  
  53  5:49  Zealot  
  53  5:54  Zealot  
  53  5:58  Pylon x2  
  53  6:01  Pylon  
  53  6:03  Pylon  
Show
View Real Time Build Order
Export as new Build Order

fragleader Protoss - Winner!

Build Orders:  

Get SALT Encoding   

  12  0:01  Probe (Chrono Boost)  
  13  0:11  Probe (Chrono Boost)  
  14  0:23  Pylon  
  14  0:24  Probe (Chrono Boost)  
  15  0:42  Probe (Chrono Boost)  
  16  0:47  Gateway  
  16  0:52  Probe (Chrono Boost)  
  17  1:00  Gateway  
  17  1:03  Probe (Chrono Boost)  
  18  1:13  Probe (Chrono Boost)  
  19  1:19  Assimilator  
  19  1:27  Pylon  
  19  1:28  Probe (Chrono Boost)  
  20  1:39  Cybernetics Core, Probe (Chrono Boost)  
  21  1:49  Gateway  
  21  2:09  Gateway  
  21  2:10  Pylon  
  21  2:19  Probe (Chrono Boost)  
  21  2:21  Warp Gate (Chrono Boost)  
  22  2:27  Pylon  
  22  2:30  Assimilator  
  22  2:33  Pylon  
  22  2:46  Probe  
  23  2:58  Probe, Pylon  
  24  3:04  Stalker (Chrono Boost)  
  26  3:10  Stalker (Chrono Boost), Probe  
  29  3:29  Probe  
  30  3:43  Probe  
  31  3:49  Pylon  
  31  4:13  Zealot x3  
  31  4:14  Zealot  
  38  4:35  Stalker x3  
  38  4:36  Stalker  
  35  5:00  Forge  
  35  5:01  Mothership Core  
  33  5:30  Stalker x2  
  33  5:55  Probe  
Tags
 
Add a new tag
Caveats
  • Supply blocks, unpowered buildings, or Contaminate may cause inaccurate times.
  • Supply counts are checked every 10 seconds.